 Dungeon Crawl Stone Soup version 0.29-a0-648-g6b26cc9f40 (webtiles) character file.

Game seed: 604452563790829323

102 Armakuni the Skirmisher (level 5, -2/35 (47) HPs)
             Began as a Meteoran Fighter on June 20, 2022.
             Killed from afar by an orc wizard (5 damage)
             ... with a puff of flame
             ... on level 3 of the Dungeon.
             The game lasted 00:04:10 (1600 turns).

Armakuni the Skirmisher (Meteoran Fighter)          Turns: 1600, Time: 00:04:10

HP:   -2/35 (47)    AC:  9    Str: 20    XL:     5   Next: 27%
MP:   6/6           EV: 10    Int:  9    God:
Gold: 119           SH:  5    Dex: 13    Spells: 4/4 levels left

rFire   . . .      SeeInvis .   a - +0 long sword
rCold   . . .      Faith    .   c - +0 buckler
rNeg    . . .      Spirit   .   b - +0 scale mail
rPois   .          Reflect  .   e - +1 helmet
rElec   .          Harm     .   (no cloak)
rCorr   .          Rampage  .   (no gloves)
Will    .....                   (no boots)
Stlth   ..........              A - amulet of the acrobat
HPRegen 0.11/turn               (no ring)
MPRegen 0.10/turn               (no ring)

@: mighty, glowing, very heavily drained
A: sense surroundings 1, otherworldly, glowing, explore regen
a: no special abilities


You were on level 3 of the Dungeon.
You visited 1 branch of the dungeon, and saw 4 of its levels.

You collected 119 gold pieces.

Inventory:

Hand Weapons
 a - a +0 long sword (weapon)
Missiles
 j - 6 poisoned darts (quivered)
Armour
 b - a +0 scale mail (worn)
 c - a +0 buckler (worn)
 e - a +1 helmet (worn)
Jewellery
 A - an amulet of the acrobat (around neck)
 M - an amulet of magic regeneration
Scrolls
 g - a scroll of torment {unknown}
 k - 3 scrolls of identify {unknown}
 m - a scroll of immolation {unknown}
Potions
 d - a potion of might
 f - a potion of lignification {unknown}
 h - a potion of curing {unknown}
 i - a potion of heal wounds {unknown}
 l - a potion of brilliance {unknown}


   Skills:
 + Level 4.3 Fighting
 + Level 3.8 Long Blades
 - Level 3.6 Armour
 + Level 2.7 Dodging
 - Level 3.6 Shields


You had 4 spell levels left.
You didn't know any spells.
Your spell library was empty.

Dungeon Overview and Level Annotations

Branches:
Dungeon (4/15) Zot: 958
 Temple: D:4-7

Altars:
Dithmenos
Hepliaklqana
The Shining One


Innate Abilities, Weirdness & Mutations

You passively map a small area around you.
You are easily found by Zot.
You glow in the dark.
You regain HP and MP as you explore.


Message History

You closely miss the orc wizard.
The orc wizard hits you with a +0 dagger.
You completely miss the orc wizard.
The orc wizard hits you with a +0 dagger.
You barely miss the orc wizard. The orc wizard barely misses you.
The orc wizard hits you but does no damage.
You closely miss the orc wizard.
The orc wizard hits you with a +0 dagger.
You slash the orc wizard!
The orc wizard is almost dead.
The orc wizard gestures wildly while chanting.
The orc wizard flickers and vanishes!
You hear some strange, mumbled words.
A puff of flame appears from out of thin air!
The puff of flame hits something.
Reactivating autopickup.
You feel a bit more experienced.
You hear the brisk rusting of a drain nearby.
Something hits you but does no damage.
Deactivating autopickup; reactivate with Ctrl-A.
Items here: )) [ †.
You miss something. Something hits you but does no damage.
You miss something. Something hits you.
* * * LOW HITPOINT WARNING * * *
Something hits you but does no damage.
You miss something. Something hits you but does no damage.
You miss something. Something hits you but does no damage.
Okay, then.
You miss something. Something hits you but does no damage.
You slash something!
You hear some strange, mumbled words.
A magic dart appears from out of thin air!
The magic dart hits you!
* * * LOW HITPOINT WARNING * * *
Something hits you but does no damage.
You miss something.
You hear some strange, mumbled words.
A puff of flame appears from out of thin air!
The puff of flame hits you.
You die...

* *
##...........#### *
, .............#..,
, , ,
.............#.# *
,
........[....#.###
##...............#
,##.......#.###.#.#
,.........#.# #)#.#
##..###.##.# #)#.#
#.. #@##.#*#.#.# #.
#{##. #.#.# , # #o#
* #.#.# ,*, #b# *
#.#.# > #.., ,..#.#
... ,..###.# .##*
#.# #.# . #.# #.# ,
, * * #.# #.#


You could see an orc and a bat.

Vanquished Creatures
  Terence (D:2)
  An adder (D:2)
  An orc (D:3)
  3 ball pythons
  2 endoplasms
  3 giant cockroaches
  7 goblins
  5 hobgoblins
  3 jackals (D:2)
  3 kobolds
  2 quokkas (D:1)
  3 bats
  3 frilled lizards
  5 rats
42 creatures vanquished.

Vanquished Creatures (others)
  An orc wizard (D:3)
  A fungus (D:2)
2 creatures vanquished.

Grand Total: 44 creatures vanquished

Notes
Turn   | Place    | Note
-------+----------+-------------------------------------------
     0 | D:1      | Armakuni the Meteoran Fighter began the quest for the Orb.
     0 | D:1      | Reached XP level 1. HP: 19/19 MP: 2/2
   129 | D:1      | Reached XP level 2. HP: 26/26 MP: 3/3
   175 | D:1      | Reached skill level 1 in Dodging
   374 | D:1      | Reached XP level 3. HP: 33/33 MP: 4/4
   957 | D:2      | Found a hazy altar of Hepliaklqana.
   983 | D:2      | Noticed Terence
  1028 | D:2      | Killed Terence
  1029 | D:2      | Reached skill level 4 in Fighting
  1029 | D:2      | Reached XP level 4. HP: 36/40 MP: 5/5
  1073 | D:2      | Glimpsed the power of Zot.
  1120 | D:2      | Glimpsed the power of Zot.
  1158 | D:2      | Glimpsed the power of Zot.
  1167 | D:2      | Glimpsed the power of Zot.
  1168 | D:2      | Touched by the power of Zot.
  1241 | D:3      | Found a shadowy altar of Dithmenos.
  1241 | D:3      | Found a glowing golden altar of the Shining One.
  1253 | D:2      | Found a faded altar of an unknown god.
  1582 | D:3      | Reached XP level 5. HP: 17/31 MP: 6/6
  1600 | D:3      | Killed from afar by an orc wizard

Illustrated notes

Levels and vault maps discovered:
D:1:      pf_arrival_petrified_forest, layout_loops_ring, corexii_corridor_pit
D:2:      layout_basic, shapermc_ecumenical_altar_ellora, basic_altar,
          kennysheep_path_1, uniq_terence
D:3:      layout_loops_ring, okawaru_gym_becter, lemuel_round_altar,
          chequers_temple_overflow_statue_of_worship, portal_sewer_entry_b,
          uniq_crazy_yiuf_cottage
D:4:      minmay_spotlight, layout_layer_cave, mainiacjoe_overflow_divided_tiny,
          kennysheep_nondescript, minmay_misc_feat_roman, grunt_ministairs_1,
          minivault_27

Skill      XL: |  1  2  3 |
---------------+----------+-----
Dodging        | 1 2 |  2.7
Long Blades    | 3 |  3.8
Fighting       | 4 |  4.3
Armour         | |  3.6
Shields        | |  3.6

Action                   |  1- 3 |  4- 6 || total
-------------------------+-------+-------++-------
Melee: Long sword        |    82 |    58 ||   140
Throw: Dart              |     6 |       ||     6
       Throwing net      |     1 |       ||     1
  Use: Scroll            |     2 |     1 ||     3
       Potion            |       |     1 ||     1
 Stab: Held in net/web   |     2 |       ||     2
Armor: Scale mail        |    37 |    25 ||    62
Dodge: Dodged            |    40 |    25 ||    65
Block: Buckler           |    26 |    14 ||    40

Table legend: (Time is in decaauts)
 A = Elapsed time spent in this place.
 B = Non-inter-level travel time spent in this place.
 C = Inter-level travel time spent in this place.
 D = Time resting spent in this place.
 E = Time spent auto-exploring this place.
 F = Levels seen in this place.
 G = Mean time per level.
                   A        B        C        D        E       F      G
               +--------+--------+--------+--------+--------+-----+--------+
         Total |   1640 |   1608 |     32 |      0 |   1052 |   4 |  410.0 |
       Dungeon |   1640 |   1608 |     32 |      0 |   1052 |   4 |  410.0 |
               +--------+--------+--------+--------+--------+-----+--------+

Top non-repeatable levels by time:
     D:1: 751 daAuts
     D:2: 623 daAuts
     D:3: 264 daAuts
     D:4: 1 daAuts
